Unix NetHack Version 5.0.0-0 post-release - last build Jul 19 2026 19:10:59 (3aa4ab31751d3886436d94b585a96704892fd477,branch:main).

Game began 2026-07-21 13:54:43, ended 2026-07-22 13:05:50.

Barrb, neutral female human Barbarian

    ------            -------------------            -------------
    |....-*.          |...............|..|          G|...........|
  ---.--.--        ----.................---     ------..------.%.--
  |.......|       --...................[..-..  --......-|    |--%.----
  ---....-----   --..|..................---    |........|    |.......--
    ----..|..-- --..---------------------      --......--  ---........|
       --.....---..--                           --------  --.%.---...--
        |...^[)*..--            ----------              ---...-- -----
        ----..-----         -----.*......--- ------------...--|
         |..(--        m   G|..............---...^...........^--
        --..-- m  -----------..................---.----------.(--
       --..--.-----........|.........[)..))......--|        --..--
       |..--........-----................**........|        |.-..----
       |.^..dd-------   |--...........<..[[..[.....|m       |.......--
       |....@S.|        |..........................---      --.......|
       --------         ----......[-------...........|       |--...---
                           |.^.....|     |.......|...|       |.....|m
                           ---------      ------------       -------
Barrb the Brigand          St:18 Dx:16 Co:18 In:7 Wi:8 Ch:6  Neutral
Dlvl:11 $:590 HP:0(105) Pw:25(25) AC:2  Xp:10 T:8760  Burdened Blind

Latest messages:
 The door opens.
 You have a little trouble lifting T - a red gem (2 in total).
 L - a red gem (4 in total).
 In what direction? 6
 You kick a gray stone.
 Thump!
 Ouch!  That hurts!
 You swap places with Idefix.
 The ice vortex engulfs you!
 Your brass lantern goes out!
 You are freezing to death!
 You are freezing to death!
 You are freezing to death!
 Your leg feels better.
 You smite the ice vortex.
 You are freezing to death!
 You smite the ice vortex.
 You are freezing to death!
 You get expelled!
 Idefix misses the ice vortex.
 You smite the ice vortex!
 The ice vortex engulfs you!
 You are freezing to death!
 You destroy the ice vortex!
 The blast of frost hits you!
 You stop searching.
 The blast of frost bounces!
 The blast of frost hits you!
 You are hit by a splash of venom.
 The venom blinds you.
 The cobra bites!
 The blast of frost hits you!
 You smite the cobra.
 The cobra bites!
 You miss the cobra.
 The cobra bites!
 The cobra bites!
 You smite the cobra.
 The cobra bites!
 You hear some noises.
 The cobra just misses!
 You smite the cobra.
 The cobra bites!
 The winter wolf bites!
 The cobra bites!
 You smite the cobra.
 The cobra bites!
 The winter wolf bites!
 You die...
 Do you want your possessions identified? [ynq] (y) q

Inventory:
 Coins    ('$')
  $ - 590 gold pieces
 Weapons  (')')
  D - 25 poisoned +0 orcish arrows
  S - a +0 bow
  y - 50 +0 darts (at the ready)
  a - a blessed thoroughly rusty +0 battle-axe (weapon in hands)
  b - a +0 short sword (alternate weapon; not wielded)
 Armor    ('[')
  R - an uncursed thoroughly rusty +0 dwarvish iron helm (being worn)
  w - an uncursed +0 pair of leather gloves (being worn)
  t - an uncursed thoroughly rusty +1 pair of iron shoes (being worn)
  O - an uncursed +0 alchemy smock with text "Gehennom's Kitchen" (being worn)
  i - an uncursed +0 elven cloak
  o - an uncursed +0 elven mithril-coat (being worn)
 Comestibles  ('%')
  d - 5 uncursed food rations
  Z - 3 uncursed tripe rations
  v - an uncursed lizard corpse
 Scrolls  ('?')
  l - an uncursed scroll of enchant weapon
  z - an uncursed scroll of fire
  m - a blessed scroll of light
  n - an uncursed scroll of light
  I - 2 uncursed scrolls of scare monster
  J - an uncursed scroll of stinking cloud
  e - an uncursed scroll of taming
 Potions  ('!')
  M - a blessed potion of booze
  H - a blessed potion of confusion
  x - an uncursed potion of hallucination
  k - a blessed potion of restore ability
  c - a blessed potion of see invisible
  G - 2 uncursed potions of see invisible
 Rings    ('=')
  Y - an uncursed ring of teleport control (on right hand)
 Wands    ('/')
  h - a wand of digging (0:1)
  E - a wand of locking (0:3)
  K - a wand of magic missile (0:5)
  C - a wand of speed monster (0:3)
  F - a wand of striking (0:4)
  N - a wand of striking (0:4)
  A - a wand of striking (0:0)
  B - a wand of teleportation (0:4)
  u - a wand of undead turning (0:8)
 Tools    ('(')
  Q - a blessed bag of holding containing 22 items
  V - an uncursed brass lantern
  P - a can of grease (0:13)
  f - an uncursed magic whistle
  r - an uncursed oil lamp
  s - an uncursed skeleton key
 Gems/Stones  ('*')
  T - 2 uncursed rubies
  g - 2 uncursed worthless pieces of green glass
  L - 4 uncursed worthless pieces of red glass
  p - an uncursed worthless piece of violet glass
  q - an uncursed worthless piece of yellow glass
  U - an uncursed luckstone

Contents of the bag of holding:
  a cursed amulet of restful sleep
  11 +1 darts
  3 uncursed scrolls of blank paper
  an uncursed scroll of identify
  a blessed scroll of magic mapping
  an uncursed scroll of magic mapping
  2 uncursed scrolls of scare monster
  an uncursed potion of healing
  an uncursed potion of invisibility
  an uncursed ring of sustain ability
  a cursed wand of wishing (1:0)
  an uncursed magic whistle
  a +0 pick-axe
  a tinning kit (0:77)
  an uncursed worthless piece of black glass
  an uncursed obsidian stone
  an uncursed emerald
  2 uncursed worthless pieces of orange glass
  an uncursed jasper stone
  an uncursed worthless piece of white glass
  2 uncursed worthless pieces of green glass
  an uncursed worthless piece of yellow glass

Barrb the Barbarian's attributes:

Background:
 You were a Brigand, a level 10 female human Barbarian.
 You were neutral, on a mission for Crom
 who was opposed by Mitra (lawful) and Set (chaotic).
 You were right-handed.
 You were in the Gnomish Mines, on level 11.
 You entered the dungeon 8760 turns ago.
 You had 5400 experience points, 4600 more were needed to attain level 11.

Basics:
 You had 0 out of 105 hit points.
 You had all 25 energy points (spell power).
 Your armor class was 2.
 Your wallet contained 590 zorkmids.
 Autopickup was off.

Final Characteristics:
 Your strength was 18 (peak:18/01, limit:18/100).
 Your dexterity was 16 (peak:18, limit:18).
 Your constitution was 18 (limit:18).
 Your intelligence was 7 (limit:18).
 Your wisdom was 8 (limit:18).
 Your charisma was 6 (limit:18).

Final Status:
 You were temporarily blind.
 You weren't hungry.
 You were burdened; movement was slightly slowed.
 You were wielding an axe.
 You had basic skill with axe and could have enhanced that.

Final Attributes:
 You were piously aligned.
 You were fire resistant.
 You were sleep resistant.
 You were poison resistant.
 You were acid resistant.
 Your items were protected from acid.
 You were telepathic.
 You had teleport control.
 You were guarded.
 You were fast.
 You were lucky.
 You had extra luck.
 Bad luck did not time out for you.
 Good luck did not time out for you.
 You are dead.

Miscellaneous:
 You encountered 1 bones level.
 Total elapsed playing time was 2 hours, 58 minutes and 35 seconds.

Major events:
 Turn
    1: Barrb the neutral female human Barbarian entered the dungeon
   41: attained the rank of Pillager (level 3)
  885: entered the Gnomish Mines
 2452: attained the rank of Bandit (level 6)
 4606: made her first wish - "2 blessed scrolls of charging", got "a scroll labeled GARVEN DEH"
 4609: wished for "blessed bag of holding", got "a bag"
 5391: reached Mine Town
 8397: attained the rank of Brigand (level 10)
 8683: acquired the Mines' End luckstone
 8760: killed by a winter wolf

You didn't know any spells.

Skills:
 Fighting Skills
   bare handed combat [Basic]
   two weapon combat  [Unskilled]
   riding             [Unskilled]
 Weapon Skills
   dagger             [Unskilled]
   axe                [Basic]
   pick-axe           [Unskilled]
   short sword        [Basic]
   broadsword         [Unskilled]
   long sword         [Unskilled]
   two-handed sword   [Unskilled]
   saber              [Unskilled]
   club               [Unskilled]
   mace               [Unskilled]
   morning star       [Unskilled]
   flail              [Unskilled]
   hammer             [Unskilled]
   quarterstaff       [Unskilled]
   spear              [Unskilled]
   trident            [Unskilled]
   bow                [Unskilled]
 Spellcasting Skills
   attack spells      [Unskilled]
   escape spells      [Unskilled]

Voluntary challenges:
 Character rerolling was not enabled.
 You never genocided any monsters.
 You never polymorphed an object.
 You never changed form.
 You used 2 wishes.
 You did not wish for any artifacts.
Achievements:
 You attained the rank of Pillager.
 You entered the Gnomish Mines.
 You entered a shop.
 You attained the rank of Bandit.
 You entered Minetown.
 You entered a temple.
 You attained the rank of Brigand.
 You completed the Gnomish Mines.

 The Dungeons of Doom: levels 1 to 6
    Level 1:
       A fountain.
    Level 2:
       Some fountains.
    Level 3:
       A fountain.
       Stairs down to The Gnomish Mines.
    Level 4:
    Level 5:
       A tool shop, a grave.
    Level 6:
 The Gnomish Mines: levels 4 to 11
    Level 4:
    Level 5:
    Level 6:
       A grave.
       Final resting place for
          eestinsv-Pri-Elf-Fem-Cha, killed by an arrow.
    Level 7:
       Many shops, a temple and an altar, some fountains.
    Level 8:
    Level 9:
    Level 10:
    Level 11: <- You were here.
       Final resting place for
          you, killed by a winter wolf.


Vanquished creatures:
  2 ghosts
  a warg
  a small mimic
  2 tengu
  a wraith
  a leather golem
  3 watchmen
  a quivering blob
  a cockatrice
  a lynx
  a leprechaun
  2 giant spiders
 an ice vortex
  a vampire bat
 an orc mummy
  a rust monster
  2 owlbears
  a gold golem
  3 Green-elves
  a lizard
  a jaguar
  a raven
  a snake
  2 human zombies
  a rope golem
  a bugbear
 an imp
  a quasit
  a wood nymph
  8 Uruk-hai
 an orc shaman
  3 rock piercers
  a pony
  a fog cloud
  3 yellow lights
  a shrieker
 14 gnome leaders
  6 gnomish wizards
  a ghoul
  2 paper golems
  7 giant ants
  3 floating eyes
 19 dwarves
  a homunculus
  a kobold leader
  8 hill orcs
  6 rothes
  a centipede
  a giant bat
  6 dwarf zombies
  a werejackal
  3 iguanas
  8 killer bees
 an acid blob
  a coyote
  a gas spore
  6 hobbits
  2 large kobolds
  3 hobgoblins
  4 giant rats
  a cave spider
  a brown mold
  a yellow mold
  a green mold
  a red mold
 62 gnomes
  a gnome zombie
  2 geckos
  9 jackals
  a fox
  2 goblins
  7 grid bugs
  3 bats
  2 lichens
  a kobold zombie
  2 newts
259 creatures vanquished.

No species were genocided or became extinct.

Game over:
                       ----------
                      /          \
                     /    REST    \
                    /      IN      \
                   /     PEACE      \
                  /                  \
                  |      Barrb       |
                  |      590 Au      |
                  |   killed by a    |
                  |   winter wolf    |
                  |                  |
                  |                  |
                  |       2026       |
                 *|     *  *  *      | *
        _________)/\\_//(\/(/\)/\//\/|_)_______

Goodbye Barrb the Barbarian...

You died in The Gnomish Mines on dungeon level 11 with 13393 points,
and 590 pieces of gold, after 8760 moves.
You were level 10 with a maximum of 105 hit points when you died.

